 Dungeon Crawl Stone Soup version 0.30-a0-1157-g2cc9ac7196 (webtiles) character file.

Game seed: 5719322679200263701

4699 iamoutofideas the Severer (level 10, -10/90 HPs)
             Began as a Hill Orc Monk on Apr 24, 2023.
             Was an Initiate of Gozag.
             Mangled by a two-headed ogre
             ... wielding a +0 giant spiked club
              (19 damage)
             ... on level 9 of the Dungeon.
             The game lasted 00:09:53 (7921 turns).

iamoutofideas the Severer (Hill Orc Monk)           Turns: 7921, Time: 00:09:55

Health: -10/90     AC: 13    Str: 25    XL:     10   Next: 45%
Magic:  10/10      EV: 14    Int: 10    God:    Gozag
Gold:   830        SH:  0    Dex: 19    Spells: 9/9 levels left

rFire   . . .        b - +3 war axe (flame)
rCold   . . .        d - orb {light}
rNeg    . . .        F - +0 acid dragon scales
rPois   .            w - +0 helmet
rElec   .            K - +2 cloak
rCorr   +            I - +0 pair of gloves
SInv    .            (no boots)
Will    .....        g - amulet of regeneration
Stlth   +            u - +6 ring of dexterity
HPRegen 1.15/turn    h - +6 ring of strength
MPRegen 0.12/turn

%: no passive effects
@: glowing, studying Throwing
A: no striking features
a: Renounce Religion, Potion Petition, Call Merchant, Bribe Branch


You were on level 9 of the Dungeon.
You worshipped Gozag.
Gozag was pleased with you.
You visited 2 branches of the dungeon, and saw 10 of its levels.
You also visited: Sewer.

You collected 1010 gold pieces.
You spent 180 gold pieces at shops.

Inventory:

Hand Weapons
 b - a +3 war axe of flaming (weapon)
 x - a +0 war axe
 G - the +5 battleaxe "Xulew" {venom, Str+4}
   (You found it on level 7 of the Dungeon)

   Str:       It affects your strength (+4).
Missiles
 q - 5 curare-tipped darts (quivered)
Armour
 d - an orb of light (worn)
 w - a +0 helmet (worn)
 F - +0 acid dragon scales (worn)
 I - a +0 pair of gloves (worn)
 K - a +2 cloak (worn)
Jewellery
 f - a ring of flight
 g - an amulet of regeneration (around neck)
 h - a +6 ring of strength (right hand)
 u - a +6 ring of dexterity (left hand)
Wands
 z - a wand of polymorph (6)
Scrolls
 c - 6 scrolls of teleportation
 i - 3 scrolls of poison
 k - 3 scrolls of enchant armour
 l - 3 scrolls of fog
 m - 2 scrolls of fear
 n - a scroll of blinking
 y - a scroll of torment {unknown}
 A - 3 scrolls of brand weapon
 D - a scroll of vulnerability
 E - 2 scrolls of magic mapping {unknown}
 J - a scroll of amnesia
Potions
 e - 2 potions of mutation
 j - a potion of lignification
 o - 3 potions of attraction
 p - a potion of heal wounds
 r - a potion of resistance
 s - a potion of haste
 t - a potion of cancellation
 v - 10 potions of curing
 B - a potion of flight
 C - 2 potions of might {unknown}
 H - a potion of ambrosia


   Skills:
 + Level 8.4 Fighting
 * Level 15.1 Axes
 + Level 6.5 Armour
 + Level 4.2 Dodging


You had 9 spell levels left.
You didn't know any spells.
Your spell library contained the following spells:

 Spells                   Type           Power      Damage    Failure   Level
 Beastly Appendage        Tmut           0%         N/A       41%         1
 Wereblood                Tmut           0%         N/A       56%         2
 Portal Projectile        Hex/Tloc       0%         N/A       80%         3
 Spider Form              Tmut/Pois      0%         N/A       80%         3
 Tukima's Dance           Hex            0%         N/A       80%         3
 Blade Hands              Tmut           0%         N/A       100%        5
 Borgnjor's Vile Clutch   Necr/Erth      0%         N/A       100%        5
 Summon Forest            Summ/Tloc      0%         N/A       100%        5
 Summon Mana Viper        Hex/Summ       0%         N/A       100%        5
 Death Channel            Necr           0%         N/A       100%        6
 Summon Cactus Giant      Summ           0%         N/A       100%        6
 Animate Dead             Necr           Unusable   N/A       N/A         4

Dungeon Overview and Level Annotations

Branches:
Dungeon (9/15)             Temple (1/1) D:5           Sewer (visited)
   Lair: D:8-11         Orc: D:9-12

Altars:
Ashenzari
Cheibriados
Dithmenos
Elyvilon
Fedhas
Gozag
Hepliaklqana
Makhleb
Nemelex Xobeh
Okawaru
Qazlal
Sif Muna
Trog
Uskayaw
Vehumet
Wu Jian
Xom
Yredelemnul
Zin
The Shining One

Annotations:
D:7 1 runed translucent door, Darkkill's ghost, novice MiHu


Message History

You are engulfed in a cloud of scalding steam.
A two-headed ogre opens the door.
It is wielding a +0 giant spiked club and a +0 giant club.
A two-headed ogre is nearby!
A two-headed ogre is nearby!
A two-headed ogre is nearby!
A two-headed ogre is nearby!
You hit the two-headed ogre. You burn the two-headed ogre.
The two-headed ogre is lightly wounded.
The two-headed ogre barely misses you.
The two-headed ogre hits you with a +0 giant club!
You hit the two-headed ogre. You burn the two-headed ogre.
The two-headed ogre is moderately wounded.
You slash the two-headed ogre! You burn the two-headed ogre.
The two-headed ogre is heavily wounded.
The two-headed ogre completely misses you.
The two-headed ogre closely misses you.
You hit the two-headed ogre. You burn the two-headed ogre.
The two-headed ogre is severely wounded.
You hit the two-headed ogre but do no damage.
The two-headed ogre is severely wounded.
The two-headed ogre hits you with a +0 giant spiked club!!
The two-headed ogre barely misses you.
You are too injured to fight recklessly!
You are too injured to fight recklessly!
You are too injured to fight recklessly!
You completely miss the two-headed ogre.
The two-headed ogre is severely wounded.
You slash the two-headed ogre! You burn the two-headed ogre.
The two-headed ogre is almost dead.
The two-headed ogre hits you with a +0 giant spiked club.
The two-headed ogre hits you with a +0 giant club.
You hit the two-headed ogre. You burn the two-headed ogre.
The two-headed ogre is almost dead.
You hit the two-headed ogre. You burn the two-headed ogre.
The two-headed ogre is almost dead.
The two-headed ogre hits you with a +0 giant spiked club!!
* * * LOW HITPOINT WARNING * * *
The two-headed ogre hits you with a +0 giant club!!
You die...
Your body crumbles into a pile of gold.

$ #... +.. #.. $
.. #.. ##
#..##'### .
##.##..##.>.###..
#......#.O.......
......#.@....... $
#...###..###.##
##...###..###.#
#.....'.$....<..
#.....#.........
..####.####+##.###
#..####'####.#####
..................
........).).......


You could see a two-headed ogre.

Vanquished Creatures
  Pikel (D:7)
  Maggie (D:6)
  Grinder (D:4)
  Prince Ribbit (D:7)
  A wyvern (D:8)
  2 steam dragons
  4 water moccasins
  An orc warrior (D:7)
  A sky beast (D:6)
  2 black bears
  2 ice beasts (D:6)
  An ogre (D:6)
  2 centaurs
  3 phantoms
  A lemure (D:7)
  5 kobold brigands
  Blork the orc (D:6)
  A bullfrog (D:7)
  2 gnoll sergeants
  A scorpion (D:5)
  6 killer bees (D:6)
  A howler monkey (D:6)
  3 orc priests
  2 hounds (D:6)
  A gnoll bouda (D:8)
  2 iguanas
  3 orc wizards
  Robin (D:3)
  10 gnolls
  18 adders
  5 river rats
  A white imp (D:7)
  5 worms
  A dart slug (D:4)
  21 orcs
  6 endoplasms
  3 giant cockroaches
  20 goblins
  16 hobgoblins
  11 jackals
  22 kobolds
  5 quokkas
  7 ball pythons
  4 bats
  8 frilled lizards
  11 rats
227 creatures vanquished.

Vanquished Creatures (others)
  A white imp (D:6)
  37 fungi (D:9)
  49 plants
87 creatures vanquished.

Grand Total: 314 creatures vanquished

Notes
Turn   | Place    | Note
-------+----------+-------------------------------------------
     0 | D:1      | iamoutofideas the Hill Orc Monk began the quest for the
                  | Orb.
     0 | D:1      | Reached XP level 1. HP: 19/19 MP: 1/1
    98 | D:1      | Reached XP level 2. HP: 27/27 MP: 2/2
   262 | D:1      | Reached skill level 5 in Axes
   262 | D:1      | Reached XP level 3. HP: 18/33 MP: 3/3
   406 | D:1      | Found a faded altar of an unknown god.
  1110 | D:2      | Reached skill level 6 in Axes
  1110 | D:2      | Reached XP level 4. HP: 29/40 MP: 4/4
  2069 | D:2      | Reached skill level 7 in Axes
  2069 | D:2      | Reached XP level 5. HP: 28/46 MP: 5/5
  2456 | D:3      | Found a shimmering blue altar of Sif Muna.
  2504 | D:3      | Found a glowing drain.
  2516 | D:3      | Reached skill level 8 in Axes
  2554 | Sewer    | Entered a sewer
  2566 | Sewer    | Reached XP level 6. HP: 49/52 MP: 6/6
  2930 | Sewer    | Reached skill level 9 in Axes
  3037 | Sewer    | Reached XP level 7. HP: 43/60 MP: 7/7
  3492 | D:3      | Noticed Robin
  3510 | D:3      | Killed Robin
  3754 | D:4      | Reached skill level 1 in Armour
  3852 | D:4      | Noticed Grinder
  3865 | D:4      | Paralysed by Grinder for 2 turns
  3872 | D:4      | Killed Grinder
  3873 | D:4      | Reached skill level 5 in Fighting
  3873 | D:4      | Reached skill level 10 in Axes
  4438 | D:5      | Entered Level 5 of the Dungeon
  4534 | D:5      | Reached XP level 8. HP: 65/68 MP: 8/8
  4550 | D:5      | Found a staircase to the Ecumenical Temple.
  4629 | Temple   | Entered the Ecumenical Temple
  4764 | Temple   | Became a worshipper of Gozag Ym Sagoz the Greedy
  5216 | D:5      | Found a broken altar of Ashenzari.
  5297 | D:6      | Found a glowing golden altar of the Shining One.
  5297 | D:6      | Found a sparkling altar of Nemelex Xobeh.
  5298 | D:6      | Found a radiant altar of Vehumet.
  5316 | D:6      | Reached skill level 11 in Axes
  5421 | D:6      | Noticed Maggie
  5445 | D:6      | Killed Maggie
  5446 | D:6      | Reached skill level 5 in Armour
  5446 | D:6      | Reached XP level 9. HP: 37/78 MP: 9/9
  5769 | D:6      | Reached skill level 12 in Axes
  6038 | D:6      | Noticed Blork the orc
  6043 | D:6      | Killed Blork the orc
  6331 | D:7      | Identified the +5 battleaxe "Xulew" {venom, Str+4}
  6363 | D:7      | Noticed Pikel
  6370 | D:7      | Killed Pikel
  6371 | D:7      | Reached skill level 13 in Axes
  6376 | D:7      | Reached XP level 10. HP: 86/88 MP: 10/10
  6417 | D:7      | Noticed Prince Ribbit
  6431 | D:7      | Killed Prince Ribbit
  6432 | D:7      | Reached skill level 14 in Axes
  6582 | D:7      | Noticed Darkkill's ghost (novice MiHu)
  6584 | D:7      | Found a runed translucent door.
  7406 | D:8      | Found Zin's Purification Station.
  7407 | D:8      | Found a glowing silver altar of Zin.
  7412 | D:8      | Bought 2 potions of curing for 180 gold pieces
  7860 | D:9      | Reached skill level 15 in Axes
  7910 | D:9      | Noticed a two-headed ogre
  7921 | D:9      | Mangled by a two-headed ogre

Illustrated notes

Levels and vault maps discovered:
D:1:      erik_arrival_triangle_small, layout_basic,
          ebering_ecumenical_altar_mist, chequers_hall_statues_wall_a
D:2:      layout_loops_cross, minmay_tromino_v4_a
D:3:      layout_basic, lemuel_blue_sif_altar, portal_sewer_entry_b, uniq_robin
D:4:      layout_loops_ring, st_stairs_1, minmay_misc_feat_tiny, uniq_grinder
D:5:      layout_gridville, nicolae_overflow_hidden_temple,
          minmay_temple_entry_steel_oval, minmay_misc_feat_room
D:6:      layout_basic, gammafunk_temple_overflow_claw, kennysheep_nub,
          uniq_maggie, uniq_blork_the_orc
D:7:      layout_cave_pods, hellmonk_ghost_happy_afterlife,
          minmay_manual_monstrance, uniq_pikel, uniq_prince_ribbit1
D:8:      cheibrodos_iron_armory, layout_basic, zin_purify,
          minmay_fractal_squares_gapless_5
D:9:      layout_gridville, due_lair_maze_entry_diamond
Temple:   nicolae_temple_two_arcs

Skill      XL: |  1  2  3  4  5  6  7  8  9 10 |
---------------+-------------------------------+-----
Axes           | 5 6 7 8 9 10 11 13 15 | 15.1
Fighting       | 4 5 6 7 8 |  8.4
Dodging        | 3 4 |  4.2
Armour         | 2 5 6 |  6.5

Action                     |  1- 3 |  4- 6 |  7- 9 | 10-12 || total
---------------------------+-------+-------+-------+-------++-------
  Melee: Hand axe          |   114 |   231 |   223 |       ||   568
         War axe           |       |       |    62 |    87 ||   149
    Use: Scroll            |       |    12 |     2 |     7 ||    21
         Potion            |       |     4 |       |       ||     4
   Stab: Distracted        |       |       |     1 |     1 ||     2
 Armour: Robe              |    20 |    37 |       |       ||    57
         Ring mail         |       |       |    46 |       ||    46
         Acid dragon scale |       |       |    17 |    23 ||    40
  Dodge: Dodged            |    59 |   126 |   157 |    52 ||   394

Table legend: (Time is in decaauts)
 A = Elapsed time spent in this place.
 B = Non-inter-level travel time spent in this place.
 C = Inter-level travel time spent in this place.
 D = Time resting spent in this place.
 E = Time spent auto-exploring this place.
 F = Levels seen in this place.
 G = Mean time per level.
                   A        B        C        D        E       F      G
               +--------+--------+--------+--------+--------+-----+--------+
         Total |   7836 |   7532 |    304 |    724 |   5337 |  11 |  712.4 |
       Dungeon |   7086 |   6814 |    272 |    652 |   4880 |   9 |  787.3 |
        Temple |    144 |    113 |     31 |      0 |    106 |   1 |  144.0 |
         Sewer |    606 |    606 |      0 |     72 |    351 |   1 |  606.0 |
               +--------+--------+--------+--------+--------+-----+--------+

Top non-repeatable levels by time:
     D:1: 1302 daAuts
     D:2: 998 daAuts
     D:6: 965 daAuts
     D:7: 839 daAuts
     D:3: 774 daAuts
     D:8: 747 daAuts
     D:4: 730 daAuts
     D:5: 661 daAuts
   Sewer: 606 daAuts
  Temple: 144 daAuts
     D:9: 67 daAuts
